 Dungeon Crawl Stone Soup version 0.20-a0-1023-gc4d110f (webtiles) character file.

23 Multipenetrator the Slasher (level 2, -5/22 HPs)
             Began as a Demonspawn Gladiator on Apr 19, 2017.
             Slain by a centaur (8 damage)
             ... on level 4 of the Dungeon.
             The game lasted 00:09:03 (924 turns).

Multipenetrator the Slasher (Demonspawn Gladiator)   Turns: 924, Time: 00:09:03

Health: -5/22      AC:  3    Str: 14    XL:     2   Next: 75%
Magic:  2/2        EV: 13    Int:  9    God:
Gold:   63         SH:  0    Dex: 14    Spells: 1/1 levels left

rFire    x . .     SeeInvis .   a - +0 long sword
rCold    + . .     Gourm    .   (no shield)
rNeg     . . .     Faith    .   b - +0 leather armour
rPois    .         Spirit   .   (helmet restricted)
rElec    .         Reflect  .   (no cloak)
rCorr    .         Harm     .   (no gloves)
MR       .....                  (no boots)
Stlth    +.........             (no amulet)
Regen    0.1/turn               g - ring of ice
MPRegen  0.1/turn               (no ring)

@: no status effects
A: horns 1
a: no special abilities


You were on level 4 of the Dungeon.
You were not hungry.

You visited 1 branch of the dungeon, and saw 4 of its levels.

You collected 63 gold pieces.

Inventory:

Hand Weapons
 a - a +0 long sword (weapon)
Missiles
 d - 3 throwing nets (quivered)
Armour
 b - a +0 leather armour (worn)
 c - a +0 helmet
Jewellery
 g - a ring of ice (left hand)
Scrolls
 e - a scroll of random uselessness {unknown}
 h - a scroll of identify {unknown}
 k - a scroll of fog {unknown}
 m - 2 scrolls of magic mapping {unknown}
 n - 3 scrolls of remove curse {unknown}
Potions
 j - a potion of agility {unknown}
 o - a potion of brilliance {unknown}
 p - a potion of flight {unknown}
Comestibles
 f - a bread ration
 i - a royal jelly
 l - a meat ration


   Skills:
 + Level 2.2 Fighting
 * Level 3.2 Long Blades
 - Level 1.7 Throwing
 + Level 0.3 Armour
 + Level 3.0 Dodging


You had one spell level left.
You didn't know any spells.

Dungeon Overview and Level Annotations

Branches:
Dungeon (4/15)
 Temple: D:4-7

Altars:
Elyvilon
Xom
Zin
The Shining One


Innate Abilities, Weirdness & Mutations

You have a pair of small horns on your head.


Message History

p - a fizzy black potion A centaur comes into view.
The centaur shouts!
The centaur wields a shortbow.
The centaur shoots an arrow.
The arrow closely misses you.
Found 20 gold pieces.
You see here an arrow.
You open the door.
The centaur shoots an arrow.
The arrow barely misses you.
There is an open door here.
You close the door.
A centaur opens the door.
The centaur unwields an uncursed shortbow.
The centaur hits you.
There is an open door here.
You slash the centaur! You headbutt the centaur.
The centaur is heavily wounded.
The centaur hits you.
* * * LOW HITPOINT WARNING * * *
The centaur hits you!
You die...

#.#
#########.#####..
##................
#.................
#...#.##..##....#.
#....##.'####.....
#...##..........#.
#....#............
#...c@.._..+ ..##
#...##.....# ..
#...##.....#
#...####.### #...#
.# #.... .. #.c..
.. #.$. ...


You could see a centaur.

Vanquished Creatures
  A white imp (D:4)
  A ball python (D:3)
  2 bats (D:3)
  A giant cockroach (D:1)
  2 goblins
  2 hobgoblins (D:3)
  A frilled lizard (D:1)
  2 goblin skeletons (D:4)
  A hobgoblin zombie (D:4)
  An orc skeleton (D:4)
  3 orc zombies (D:4)
17 creatures vanquished.

Notes
Turn   | Place    | Note
-------+----------+-------------------------------------------
     0 | D:1      | Multipenetrator the Demonspawn Gladiator began the quest for the Orb.
     0 | D:1      | Reached XP level 1. HP: 16/16 MP: 1/1
   199 | D:3      | Found a glowing silver altar of Zin.
   203 | D:3      | Noticed an angel
   205 | D:3      | Found a shimmering altar of Xom.
   298 | D:3      | Gained mutation: You have a pair of small horns on your head. [demonic ancestry]
   298 | D:3      | Reached XP level 2. HP: 22/22 MP: 2/2
   751 | D:4      | Found a white marble altar of Elyvilon.
   805 | D:4      | Found a glowing golden altar of the Shining One.
   916 | D:4      | Noticed a centaur
   924 | D:4      | Slain by a centaur

Vault maps used:
D:1:      scummos_arrival_simple_fountains
D:2:      mumra_celtic_spiral_tile, nicolae_qazlal_general_emergency,
          marbit_many_paths, uniq_natasha
D:3:      grunt_temple_overflow_order_and_chaos_1, hangedman_glass_teeth,
          minmay_misc_feat_enclosed
D:4:      elyvilon_altar_5, nicolae_tso_besieged_by_evil, first_bread,
          serial_shops, kennysheep_mini_moat

Skill      XL: |  1  2 |
---------------+-------+-----
Long Blades    | 3 |  3.2
Dodging        | 3 |  3.0
Fighting       | |  2.2
Throwing       | |  1.7
Armour         | |  0.3

Action                   || total
-------------------------++-------
Melee: Long sword        ||    41
       Headbutt          ||     5
Armor: Leather armour    ||    13
Dodge: Dodged            ||    23
       Rpst.: Long sword ||     8
